 Dungeon Crawl Stone Soup version 0.25.1-2-g60ff931df9 (webtiles) character file.

Game seed: 2816458433813598598

5101 gruber the Frost Mage (level 10, -5/50 HPs)
             Began as a Deep Elf Ice Elementalist on Nov 15, 2020.
             Was a Follower of Vehumet.
             Slain by a hippogriff (6 damage)
             ... on level 9 of the Dungeon.
             The game lasted 00:12:11 (8527 turns).

gruber the Frost Mage (Deep Elf Ice Elementalist)   Turns: 8527, Time: 00:12:12

Health: -5/50      AC:  4    Str:  5    XL:     10   Next: 32%
Magic:  12/24      EV: 13    Int: 24    God:    Vehumet [*.....]
Gold:   417        SH:  8    Dex: 21    Spells: 13/25 levels left

rFire    . . .     SeeInvis .   I - +2 long sword (vamp)
rCold    + . .     Gourm    .   b - +2 buckler
rNeg     . . .     Faith    .   a - +0 robe
rPois    .         Spirit   .   (no helmet)
rElec    .         Reflect  .   q - +0 cloak
rCorr    .         Harm     .   (no gloves)
MR       +....                  p - +0 pair of boots
Stlth    ++........             (no amulet)
HPRegen  0.16/turn              g - +6 ring of dexterity
MPRegen  0.19/turn              x - ring of protection from cold

@: frozen ramparts, studying Fire Magic
A: no striking features
a: Renounce Religion


You were on level 9 of the Dungeon.
You worshipped Vehumet.
Vehumet was aware of your devotion.
You were near starving.

You visited 2 branches of the dungeon, and saw 10 of its levels.

You collected 417 gold pieces.

Inventory:

Hand Weapons
 z - a +2 mace of protection
 I - a +2 vampiric long sword (weapon)
Missiles
 w - 7 javelins (quivered)
Armour
 a - a +0 robe (worn)
 b - a +2 buckler (worn)
 p - a +0 pair of boots (worn)
 q - a +0 cloak (worn)
Jewellery
 g - a +6 ring of dexterity (left hand)
 x - a ring of protection from cold (right hand)
Wands
 s - a wand of disintegration (6)
 B - a wand of enslavement (7)
 C - a wand of paralysis (9)
 E - a wand of digging (4)
 G - a wand of polymorph (9)
Scrolls
 e - a scroll of blinking
 f - 2 scrolls of amnesia
 h - 2 scrolls of immolation
 i - 3 scrolls of magic mapping
 l - 2 scrolls of fear
 m - 3 scrolls of remove curse
 n - 2 scrolls of fog {unknown}
 t - a scroll of noise {unknown}
 u - a scroll of enchant armour {unknown}
 v - 4 scrolls of identify {unknown}
 D - 4 scrolls of teleportation {unknown}
Potions
 d - 3 potions of degeneration {unknown}
 j - a potion of lignification {unknown}
 o - 6 potions of curing
 r - a potion of mutation {unknown}
 A - a potion of flight {unknown}
 F - 2 potions of heal wounds {unknown}
 H - a potion of cancellation {unknown}
Books
 y - a manual of Fire Magic
Comestibles
 c - 14 rations


   Skills:
 - Level 2.4 Dodging
 - Level 2.4 Stealth
 - Level 5.0 Shields
 - Level 8.0 Spellcasting
 * Level 8.7 Conjurations
 - Level 3.0 Summonings
 - Level 11.2 Ice Magic


You had 13 spell levels left.
You knew the following spells:

 Your Spells              Type           Power        Failure   Level  Hunger
a - Freeze                Ice            ####         1%          1    None
b - Frozen Ramparts       Ice            ######       1%          3    None
c - Hailstorm             Conj/Ice       ######..     1%          4    ##.....
d - Summon Ice Beast      Ice/Summ       #####...     3%          4    ##.....

Your spell library contained the following spells:

 Spells                   Type           Power        Failure   Level  Hunger
 Magic Dart               Conj           ####         1%          1    None
 Ozocubu's Armour         Chrm/Ice       #####...     1%          3    None
 Sting                    Tmut/Pois      #...         6%          1    None
 Mephitic Cloud           Conj/Pois/Air  ###.....     6%          3    None
 Poisonous Vapours        Pois/Air       #.....       10%         2    None
 Ignite Poison            Fire/Tmut/Pois #.......     19%         3    None
 Olgreb's Toxic Radiance  Pois           #.......     54%         4    ##.....


Dungeon Overview and Level Annotations

Branches:
Dungeon (9/15)             Temple (1/1) D:6            Lair (0/6) D:8
    Orc: D:9-12

Altars:
Ashenzari
Cheibriados
Dithmenos
Elyvilon
Fedhas
Gozag
Hepliaklqana
Kikubaaqudgha
Makhleb
Nemelex Xobeh
Okawaru
Qazlal
Ru
Sif Muna
Trog
Vehumet
Wu Jian
Xom
Yredelemnul
Zin
The Shining One

Shops:
D:4 }


Message History

You freeze the hippogriff!
The hippogriff is almost dead.
The wall freezes the hippogriff.
The hippogriff bites you.
* * * LOW HITPOINT WARNING * * *
The hippogriff pecks you.
* * * LOW HITPOINT WARNING * * *
The hippogriff closely misses you.
Unknown command.
Unknown command.
Casting: Freeze (safe; 1% risk of failure)
Confirm with . or Enter, or press ? or * to list all spells.
Aiming: Freeze (safe; 1% risk of failure)
Press: ? - help, Shift-Dir - straight line, f/p - hippogriff
Aim: a hippogriff (almost dead)
You freeze the hippogriff.
The hippogriff is almost dead.
The wall freezes the hippogriff.
The hippogriff bites you!
* * * LOW HITPOINT WARNING * * *
You block the hippogriff's attack. The hippogriff claws you.
You die...

..## .....# #.........#.#
####.....## ##
......#.....#.#..#.....y .#.
.....<#...... ...†..... .y.
...........#...#.h...###..##.
....#......#..##H##.$..#.....
...........#..##@†...........
.>...........#.##.#........#
..................##.......#
.........<...................
........##.............##...#
..#....##..............# ###
..................#.#..#
..................######
....................#


You could see a hippogriff and a howler monkey.

Vanquished Creatures
  A two-headed ogre (D:8)
  Erica (D:8)
  Psyche (D:8)
  Prince Ribbit (D:8)
  Sigmund (D:2)
  Menkaure (D:4)
  2 porcupines (D:8)
  A water moccasin (D:6)
  2 black bears
  3 orc warriors
  A necrophage (D:8)
  5 ogres
  3 centaurs
  2 bullfrogs (D:8)
  A big kobold (D:8)
  A scorpion (D:5)
  5 killer bees (D:9)
  3 crimson imps
  A howler monkey (D:9)
  A centaur zombie (D:5)
  A hound (D:4)
  8 orc wizards
  9 orc priests
  A bullfrog skeleton (D:5)
  A jelly (D:8)
  An iguana (D:6)
  Natasha (thrice) (D:4)
  Terence (D:3)
  3 worker ants
  A hound zombie (D:6)
  A hound skeleton (D:7)
  A worker ant zombie (D:4)
  2 gnolls (D:1)
  5 adders
  A shadow imp (D:4)
  3 oozes
  An adder skeleton (D:6)
  2 worms
  5 dart slugs
  4 leopard geckos
  25 orcs
  3 giant cockroaches
  4 goblins
  8 hobgoblins
  12 jackals
  8 kobolds
  4 quokkas
  2 ball pythons
  8 bats
  8 frilled lizards
  A leopard gecko skeleton (D:4)
  A quokka skeleton (D:4)
  5 rats
  2 plants (D:8)
182 creatures vanquished.

Vanquished Creatures (collateral kills)
  An ice beast (D:8)
  An orc wizard (D:8)
2 creatures vanquished.

Vanquished Creatures (others)
  7 fungi (D:8)
  A plant (D:8)
8 creatures vanquished.

Grand Total: 192 creatures vanquished

Notes
Turn   | Place    | Note
-------+----------+-------------------------------------------
     0 | D:1      | gruber the Deep Elf Ice Elementalist began the quest for
                  | the Orb.
     0 | D:1      | Reached XP level 1. HP: 10/10 MP: 6/6
    67 | D:1      | Reached XP level 2. HP: 15/15 MP: 5/8
   114 | D:1      | Reached skill level 5 in Ice Magic
   630 | D:1      | Reached XP level 3. HP: 5/19 MP: 6/9
   635 | D:1      | Learned a level 3 spell: Frozen Ramparts
  1233 | D:2      | Found a hazy altar of Hepliaklqana.
  1280 | D:2      | Reached skill level 1 in Shields
  1714 | D:2      | Noticed Sigmund
  1759 | D:3      | Reached XP level 4. HP: 24/24 MP: 7/11
  2309 | D:3      | Noticed Terence
  2322 | D:3      | Killed Terence
  2322 | D:3      | Reached XP level 5. HP: 22/28 MP: 7/12
  2553 | D:3      | Found an ornate altar of the Wu Jian Council.
  2734 | D:2      | Killed Sigmund
  2734 | D:2      | Reached XP level 6. HP: 24/32 MP: 9/13
  2954 | D:4      | Found Zipir's Gadget Shop.
  2972 | D:4      | Found an opulent altar of Gozag.
  3006 | D:4      | Found a glowing golden altar of the Shining One.
  3026 | D:4      | Reached skill level 5 in Shields
  3233 | D:4      | Reached XP level 7. HP: 23/36 MP: 11/15
  3303 | D:4      | Noticed Menkaure
  3348 | D:4      | Reached skill level 6 in Ice Magic
  3399 | D:4      | Killed Menkaure
  3399 | D:4      | Reached skill level 5 in Spellcasting
  3692 | D:4      | Noticed Natasha
  3707 | D:4      | Killed Natasha
  3752 | D:4      | Noticed Natasha
  3775 | D:4      | Killed Natasha
  3958 | D:4      | Reached skill level 7 in Ice Magic
  3960 | D:4      | Reached XP level 8. HP: 32/41 MP: 11/19
  4145 | D:4      | Found a shadowy altar of Dithmenos.
  4361 | D:4      | Learned a level 4 spell: Hailstorm
  4366 | D:4      | Learned a level 4 spell: Summon Ice Beast
  4385 | D:4      | Noticed Natasha
  4395 | D:4      | Killed Natasha
  4406 | D:5      | Entered Level 5 of the Dungeon
  4469 | D:5      | Found a snail-covered altar of Cheibriados.
  4692 | D:5      | Found a sacrificial altar of Ru.
  4844 | D:5      | Reached skill level 1 in Conjurations
  4844 | D:5      | Reached skill level 1 in Summonings
  5691 | D:6      | Found a staircase to the Ecumenical Temple.
  5740 | Temple   | Entered the Ecumenical Temple
  6040 | D:6      | Found a bloodstained altar of Trog.
  6040 | D:6      | Found a shimmering altar of Xom.
  6041 | D:6      | Found a radiant altar of Vehumet.
  6050 | D:6      | Became a worshipper of Vehumet
  6152 | D:7      | Reached skill level 8 in Ice Magic
  6502 | D:7      | Reached XP level 9. HP: 39/45 MP: 18/23
  6503 | D:7      | Reached skill level 9 in Ice Magic
  6816 | D:8      | Noticed Erica
  7103 | D:8      | Reached skill level 10 in Ice Magic
  7405 | D:8      | Reached skill level 11 in Ice Magic
  7763 | D:8      | Noticed a two-headed ogre
  7771 | D:8      | Killed a two-headed ogre
  7772 | D:8      | Noticed Prince Ribbit
  7809 | D:8      | Killed Prince Ribbit
  7809 | D:8      | Reached XP level 10. HP: 50/50 MP: 2/24
  7995 | D:8      | Reached * piety under Vehumet
  7995 | D:8      | Offered knowledge of Magic Dart by Vehumet.
  8074 | D:8      | Found a staircase to the Lair.
  8094 | D:8      | Noticed Psyche
  8104 | D:8      | Killed Psyche
  8245 | D:8      | Killed Erica
  8527 | D:9      | HP: 1/50 [hippogriff (9)]
  8527 | D:9      | Slain by a hippogriff

Illustrated notes

Levels and vault maps discovered:
D:1:      giann_forest_graveyard, layout_basic
D:2:      layout_basic, lemuel_crystal_altar, uniq_sigmund
D:3:      layout_rooms, lemuel_doored_altar, first_ration, uniq_terence
D:4:      layout_loops_ring, old_standard_altar, lemuel_crystal_altar,
          grunt_dithmenos_shadows, serial_shops, shop, minmay_manual_mares,
          uniq_menkaure, uniq_natasha
D:5:      layout_loops_ring, lemuel_round_altar,
          nicolae_ru_great_annihilating_truth
D:6:      layout_cave_pools, gammafunk_temple_overflow_claw, temple_fountains,
          minmay_strange_pillars, minmay_misc_feat_cross
D:7:      layout_rooms
D:8:      layout_cave_pods, grunt_lair_entry_orc_guard_hut, uniq_psyche,
          uniq_prince_ribbit1, uniq_erica
D:9:      layout_cave_pools, marbit_many_paths, special_room [special_room_orc],
          hangedman_little_slice_of_home
Temple:   nicolae_temple_hex_pool

Skill      XL: |  1  2  3  4  5  6  7  8  9 10 |
---------------+-------------------------------+-----
Ice Magic      | 5 7 8 11 | 11.2
Shields        | 1 3 4 5 |  5.0
Spellcasting   | 4 6 8 |  8.0
Conjurations   | 3 6 8 |  8.7
Summonings     | 3 |  3.0
Dodging        | |  2.4
Stealth        | |  2.4

Action                   |  1- 3 |  4- 6 |  7- 9 | 10-12 || total
-------------------------+-------+-------+-------+-------++-------
Melee: Unarmed           |     6 |       |       |       ||     6
       Short sword       |    15 |    84 |    19 |       ||   118
       Mace              |       |       |    84 |       ||    84
       Long sword        |       |       |     7 |     3 ||    10
Throw: Javelin           |     5 |     9 |     2 |       ||    16
 Cast: Freeze            |    36 |     7 |    35 |     7 ||    85
       Frozen Ramparts   |     1 |    21 |    43 |     4 ||    69
       Summon Ice Beast  |       |       |     8 |     6 ||    14
       Hailstorm         |       |       |     8 |     3 ||    11
Evoke: Wand              |       |     2 |     4 |       ||     6
  Use: Scroll            |       |       |     6 |       ||     6
       Potion            |       |       |       |     1 ||     1
 Stab: Sleeping          |       |     1 |     1 |       ||     2
       Paralysed         |       |       |     3 |       ||     3
       Distracted        |       |       |     1 |       ||     1
  Eat: Chunk             |     2 |     6 |    13 |     1 ||    22
       Ration            |       |       |     1 |       ||     1
Armor: Robe              |     9 |    18 |    33 |     1 ||    61
Dodge: Dodged            |    28 |    50 |    71 |    12 ||   161
Block: Buckler           |     8 |    26 |    63 |     9 ||   106
       Rpst.: Long sword |       |       |     1 |     3 ||     4
